[Event "Mitropa Cup Open 2022"]
[Site "Corte"]
[Date "2022.05.04"]
[Round "5.2"]
[White "Blohberger, Felix"]
[Black "Maurizzi, Marc`Andria"]
[Result "1-0"]
[ECO "B40"]
[WhiteElo "2510"]
[BlackElo "2483"]
[Annotator "TA"]
[PlyCount "88"]
[EventDate "2022.04.30"]
[EventType "team-tourn"]
[EventCountry "FRA"]
[SourceTitle "playchess.com"]
[Source "ChessBase"]
[SourceQuality "1"]
[WhiteTeam "AUT"]
[BlackTeam "FRA"]
[WhiteTeamCountry "AUT"]
[TimeControl "40/5400+30:1800+30"]

1. e4 c5 2. Nf3 e6 3. d4 cxd4 4. Nxd4 Nf6 5. Nc3 Nc6 6. Nxc6 bxc6 7. e5 Nd5 8. Ne4 Qc7 9. f4 Qb6 10. c4 Bb4+ 11. Ke2 f5 12. Nf2 Ba6 13. Kf3 Ne7 14. Be3 Bc5 15. Bxc5 {[%emt 0:00:08] B45: Sicilian Four Knights.} Qxc5 16. Qa4 Bb7 17. h4 {[%emt 0:01:37] White is slightly better.} Qb6 18. Qa3 c5+ 19. Kg3 O-O 20. Rd1 {[%emt 0:02:49] Against d6} Rfd8 21. Be2 {[%emt 0:24:59] [#]} a5 $146 ({Less strong is} 21... Qc6 22. Bf3 Qc8 23. Bxb7 Qxb7 24. Qxc5 $16) ({Predecessor:} 21... Rab8 22. Rd2 Nc6 23. Rd6 Qb4 24. Qxb4 Nxb4 25. a3 Nc2 26. Rc1 Nd4 27. Bd1 Be4 {1-0 (37) Esipenko,A (2716)-Abasov,N (2656) Krasnaya Polyana 2021}) 22. Rd6 Bc6 23. Rhd1 Rdb8 (23... Ra7 $14) 24. R6d2 {[%emt 0:17:36] White is more active.} (24. Nd3 $16) 24... a4 $1 $14 25. Bf3 Rb7 26. Bxc6 Qxc6 27. Rd6 Qc8 28. R1d2 h6 29. Kh2 Raa7 30. Qe3 Rb4 31. Rc2 Rbb7 32. Kg1 Ra5 33. Nd3 Qc7 34. Ne1 Nc6 35. Rcd2 Qc8 36. Qc3 {[%emt 0:03:34][%cal Od6c6] Black must now prevent Rxc6!} Raa7 37. Nc2 Nb4 38. Na3 Nxa2 39. Qg3 Rb3 40. Qg6 {[%emt 0:00:06] Nb5 is the strong threat.} Kh8 $2 {[%emt 0:02:37][%mdl 8192] This costs Black the game.} (40... Nc3 $1 $11 {and Black has nothing to worry.}) 41. Nb5 $40 {[%emt 0:31:20][%mdl 128] White attacks with force.} Rb7 {[%emt 0:10:32] [#]} 42. Ra6 $1 {[%emt 0:00:00] Hoping for Nd6.} R7xb5 (42... R3xb5 43. cxb5 Nb4) 43. cxb5 {[%emt 0:00:00] Intending Ra7 and mate.} c4 {[%emt 0:00:35] [#]} 44. Rxd7 $1 Rg3 {Weighted Error Value: White=0.12 (very precise) /Black=0.37} 1-0

[Event "Mitropa Cup Open 2022"]
[Site "Corte"]
[Date "2022.05.04"]
[Round "5.4"]
[White "Haring, Filip"]
[Black "Bouslimi, Nabil"]
[Result "1-0"]
[ECO "C02"]
[WhiteElo "2434"]
[BlackElo "2065"]
[Annotator "TA"]
[PlyCount "60"]
[EventDate "2022.04.30"]
[EventType "team-tourn"]
[EventCountry "FRA"]
[SourceTitle "playchess.com"]
[Source "ChessBase"]
[SourceQuality "1"]
[WhiteTeam "Slovakia"]
[BlackTeam "France"]
[WhiteTeamCountry "SVK"]
[BlackTeamCountry "FRA"]
[TimeControl "40/5400+30:1800+30"]

1. e4 e6 2. d4 d5 3. e5 c5 4. c3 Nc6 5. Nf3 Bd7 6. Bd3 Rc8 7. O-O {[%emt 0:01:02] C02: French: Advance Variation.} cxd4 8. a3 Qb6 (8... dxc3 $15 9. Nxc3 Nge7) 9. Re1 (9. b4 $11) 9... Nge7 10. h4 Nf5 {[%emt 0:10:52] [#]} ({Better is} 10... a6 $15) 11. b4 $146 (11. Bxf5 $5 exf5 12. cxd4 $14) ({Predecessor:} 11. Bxf5 exf5 12. cxd4 Be6 13. Nc3 Na5 14. Na4 Qb3 15. Bd2 Qxd1 16. Rexd1 Nb3 17. Rab1 {½-½ (80) Osmak,I (2432)-Tikhonov,V (2216) Chess.com INT 2022}) 11... dxc3 {[%emt 0:03:51] White must now prevent ...Nfd4.} 12. Bxf5 exf5 13. Nxc3 {[%emt 0:00:38] Threatens to win with e6.} d4 (13... Be6 $14) 14. Nd5 Qb5 {[%emt 0:04:24] [#]} (14... Qa6 $142) 15. Nf4 {[%emt 0:00:19] 0x0.001e08f0f45adp-1022s more active pieces. Pair of Knights!} ({White should try} 15. e6 $1 fxe6 16. Nf4) 15... Be6 $16 16. Ng5 Nd8 (16... Nxe5 $2 17. Nfxe6 fxe6 18. Nxe6 $18) 17. Qxd4 b6 (17... h6 $14 18. Ngxe6 Nxe6) 18. Qe3 Be7 (18... h6 $16 {was necessary.}) 19. Qg3 g6 20. h5 ({White should play} 20. Be3) 20... Qd7 21. Bb2 {[%emt 0:09:03] aiming for hxg6.} Bxg5 22. Qxg5 Qe7 23. Qf6 Qxf6 24. exf6 Rc2 $2 {[%emt 0:01:12][%mdl 8192] This move loses the game for Black.} (24... O-O $16) 25. Nxe6 $18 Nxe6 {[%emt 0:00:07] [#]} 26. Rxe6+ $1 fxe6 27. f7+ $1 {[%emt 0:00:05][%mdl 64] Discovered Attack} Kxf7 28. Bxh8 {[%emt 0:00:27] KRB-KR} g5 (28... gxh5 {was worth a try.} 29. Rd1 Ke7) 29. a4 Re2 30. a5 e5 {[%emt 0:00:38] Weighted Error Value: White=0.21 (precise) /Black=0.59} 1-0

[Event "Mitropa Cup Open 2022"]
[Site "Corte"]
[Date "2022.05.04"]
[Round "5.5"]
[White "Erdos, Viktor"]
[Black "Koellner, Ruben Gideon"]
[Result "1-0"]
[ECO "C41"]
[WhiteElo "2604"]
[BlackElo "2440"]
[Annotator "TA"]
[PlyCount "45"]
[EventDate "2022.04.30"]
[EventType "team-tourn"]
[EventCountry "FRA"]
[SourceTitle "playchess.com"]
[Source "ChessBase"]
[SourceQuality "1"]
[TimeControl "40/5400+30:1800+30"]

1. e4 d6 2. d4 Nf6 3. Nc3 e5 4. Nf3 Nbd7 5. Rg1 c6 6. g4 {[%emt 0:00:06] C41: Philidor Defence.} h6 {[%emt 0:00:02] [#]} 7. a3 $146 ({Predecessor:} 7. h4 g6 8. g5 hxg5 9. Bxg5 Be7 10. Bc4 b5 11. Bb3 b4 12. Na4 Nxe4 13. Qe2 Nxg5 14. hxg5 {1-0 (39) Fedoseev,V (2704)-Bortnyk,O (2604) Chess.com INT 2022}) 7... exd4 8. Nxd4 {[%emt 0:01:17] White is slightly better.} Ne5 9. h3 d5 10. exd5 {[%emt 0:01:16] aiming for Qe2.} Bc5 {[%emt 0:15:36] Threatens to win with ...Bxd4.} 11. Be3 {[%emt 0:03:22][%cal Od4c6] Nxc6! is the strong threat.} (11. Bf4 $2 Bxd4 12. Rg3 Qe7 $1 $19) 11... Qe7 (11... O-O $1 $14) 12. Be2 Nxd5 13. Nxd5 cxd5 14. Qd2 $1 Nc4 15. Bxc4 dxc4 16. O-O-O O-O 17. Qc3 {[%emt 0:06:57] White is more active.} Re8 (17... Qe5 $16) 18. g5 $1 $18 ({Don't do} 18. Qxc4 $6 b6 $14) 18... h5 19. g6 Bd6 $2 {[%emt 0:02:18] [#]} (19... Be6 20. Kb1 Rac8 21. Nxe6 Qxe6) 20. Nc6 $40 {[%emt 0:36:04][%mdl 128] White is out for blood.} bxc6 21. gxf7+ Qxf7 22. Rxd6 Bf5 $2 (22... Be6 23. Bd4 (23. Rxc6 Rad8 $16) 23... g6 24. Rxc6 Kh7) 23. Rf6 {[%emt 0:01:29] Black got outplayed after the opening.  Weighted Error Value: White=0.12 (very precise) /Black=0.33} 1-0

[Event "Mitropa Cup Open 2022"]
[Site "Corte"]
[Date "2022.05.04"]
[Round "5.5"]
[White "Babula, Vlastimil"]
[Black "Baenziger, Fabian"]
[Result "0-1"]
[ECO "D43"]
[WhiteElo "2574"]
[BlackElo "2429"]
[Annotator "TA"]
[PlyCount "86"]
[EventDate "2022.04.30"]
[EventType "team-tourn"]
[EventCountry "FRA"]
[SourceTitle "playchess.com"]
[Source "ChessBase"]
[SourceQuality "1"]
[TimeControl "40/5400+30:1800+30"]

1. d4 d5 2. c4 c6 3. Nf3 Nf6 4. Nc3 e6 5. Bg5 h6 6. Bh4 dxc4 7. e4 g5 8. Bg3 b5 9. Be2 Bb7 10. Qc2 {[%emt 0:00:29][%mdl 1024] White has compensation. D43: Semi-Slav: 5 Bg5 h6.} Nh5 $1 {[%emt 0:00:48][%mdl 4] is currently scoring better than 10...Nbd7.} 11. Be5 Rg8 12. h4 $1 {[%emt 0:00:50] The position is equal.} g4 13. Nh2 Nd7 (13... Qxh4 14. g3 Qe7 15. Nxg4 Rxg4 16. Bxg4 $18) 14. Nxg4 {[%emt 0:10:10] [#]} Nxe5 $146 ({Predecessor:} 14... Rxg4 15. Bxg4 Nxe5 16. dxe5 Nf4 17. Rd1 Nd3+ 18. Kf1 Qd4 19. Rh3 Rd8 20. Re3 Qxe5 21. Be2 Ba6 {½-½ (21) Pesa,L (2366)-Schmalz,P (2362) ICCF email 2019}) 15. dxe5 Rxg4 16. Rd1 $1 (16. Bxg4 Nf4 $11) 16... Qc7 (16... Qe7 $1 $14 {is more appropriate.} 17. Bxg4 Nf4) 17. Bxg4 $16 Nf4 18. O-O Qxe5 19. b3 (19. Qd2 Nd3 $15) ({Only move:} 19. g3 $16) 19... Bc5 $11 20. Ne2 ({Of course not} 20. Qd2 Nd3 21. bxc4 bxc4 $17) 20... Ke7 (20... Nd3 $1 $11 {remains equal.}) 21. Nxf4 $1 $16 (21. bxc4 Rg8 22. Qd2 Bd6 23. Nxf4 Rxg4 $11) 21... Qxf4 22. Bh3 Rg8 23. bxc4 b4 24. Qd2 (24. Rd3 $142) 24... Bd6 25. Qxf4 ({White should play} 25. e5 $16 Qxe5 26. g3) 25... Bxf4 $15 26. c5 {[%emt 0:10:32] Rd4 is the strong threat.} Ba6 27. Rfe1 Be5 $1 28. f4 {[%emt 0:05:36] [#]} (28. g3 $15 Bc4 29. Re3) 28... Bc3 $1 $17 {[%emt 0:08:14] This bishop pair is nice.} ({Reject} 28... Bxf4 $6 29. e5 $11) 29. Kf2 Bxe1+ 30. Kxe1 {[%emt 0:00:12][%mdl 4096] Endgame KRB-KRB} Rd8 {Against Rd4} 31. Bg4 {[%emt 0:01:14] [#]} (31. Rxd8 $17 Kxd8 32. g4) 31... Bc4 $1 $19 32. Rxd8 Kxd8 {[%emt 0:00:04] KB-KB} 33. Kd2 Bxa2 34. Be2 $2 (34. Bd1) 34... e5 35. f5 (35. fxe5 {was necessary.} Bb1 36. Ke3) 35... Bb1 {[%emt 0:00:42] Black is clearly winning.} 36. Bf3 a5 {[%emt 0:00:50][%cal Ba7a5,Ba5a4,Ba4a3][%mdl 32] Threatens to win with ...a4.} 37. Kc1 Bd3 38. Kd2 Bb5 39. g4 a4 {[%emt 0:02:37] White must now prevent ...a3.} 40. Bd1 f6 {[%emt 0:00:51] Hoping for ...Kd7.} 41. Bc2 b3 42. Bd1 Bc4 43. Kc3 {[%emt 0:00:43] [#]} a3 $1 {[%emt 0:00:47] Weighted Error Value: White=0.62/Black=0.19 (very precise)} 0-1

[Event "Mitropa Cup Open 2022"]
[Site "Corte"]
[Date "2022.05.04"]
[Round "5.6"]
[White "Krastev, Alexander"]
[Black "Kozak, Adam"]
[Result "0-1"]
[ECO "B52"]
[WhiteElo "2402"]
[BlackElo "2535"]
[Annotator "TA"]
[PlyCount "54"]
[EventDate "2022.04.30"]
[EventType "team-tourn"]
[EventCountry "FRA"]
[SourceTitle "playchess.com"]
[Source "ChessBase"]
[SourceQuality "1"]
[TimeControl "40/5400+30:1800+30"]

1. e4 c5 2. Nf3 d6 3. Bb5+ Bd7 4. Bxd7+ Nxd7 5. O-O Ngf6 6. Qe2 e6 7. c3 Be7 8. d4 O-O 9. e5 Ne8 $1 {[%emt 0:01:14] 9...Ne8 is better than 9...Nd5.} 10. Rd1 {[%emt 0:02:36] B52: Sicilian: Moscow Variation with 3...Bd7.} cxd4 11. cxd4 Nc7 12. Nc3 {[%emt 0:04:35] The position is equal.} Nb6 13. Ne4 Nbd5 {[%emt 0:03:34] [#]} 14. h4 $146 ({Predecessor:} 14. Rd3 Qd7 15. exd6 Bxd6 16. Ne5 Qe7 17. Rh3 g6 18. Bh6 Rfd8 19. Rf3 f6 20. Nc4 {1-0 (35) Djuric,S (2352)-Smolovic,M (2294) Belgrade 2018}) 14... h6 15. h5 (15. Rd3 {is more complex.} Rc8 16. Rb3 dxe5 17. Nxe5 Nf6 18. Bxh6 gxh6 19. Rg3+) 15... f5 16. Nc3 Nxc3 (16... Rc8 $142) 17. bxc3 $11 d5 18. Ne1 Rc8 19. Rd3 (19. Rb1 $5 ) 19... Bg5 20. f4 Be7 21. Rb1 {[%emt 0:01:52] Against Nb5} b6 22. Nc2 Qe8 23. g4 fxg4 24. Qxg4 Rf5 25. Rh3 Qf7 26. Bd2 Rf8 27. Rf1 $2 {[%emt 0:04:10][%mdl 8192] [#]} (27. Qg6 $11) 27... Rg5 $1 {[%emt 0:00:40][%mdl 512] Weighted Error Value: White=0.54/Black=0.06 (flawless)} 0-1

[Event "Mitropa Cup Open 2022"]
[Site "Corte"]
[Date "2022.05.04"]
[Round "5.7"]
[White "Nemeth, Miklos"]
[Black "Koelle, Tobias"]
[Result "1/2-1/2"]
[ECO "B53"]
[WhiteElo "2334"]
[BlackElo "2384"]
[Annotator "TA"]
[PlyCount "72"]
[EventDate "2022.04.30"]
[EventType "team-tourn"]
[EventCountry "FRA"]
[SourceTitle "playchess.com"]
[Source "ChessBase"]
[SourceQuality "1"]
[TimeControl "40/5400+30:1800+30"]

1. e4 c5 2. Nf3 d6 3. d4 cxd4 4. Qxd4 Nc6 5. Qe3 g6 6. Be2 {[%emt 0:01:20] B53: Sicilian: 2...d6: Lines with Qxd4.} Bg7 7. O-O Nf6 8. h3 {[%emt 0:00:33] The position is equal.} O-O 9. Rd1 Nd7 10. Nc3 a6 {[%emt 0:11:22] [#]} 11. Bf1 $146 ({Predecessor:} 11. a4 b6 12. Qf4 Nb4 13. Qh4 Nxc2 14. Rb1 Ne5 15. Nxe5 Bxe5 16. Nd5 Re8 17. Bd3 {½-½ (61) Harikrishna,P (2725)-Korobov,A (2685) Struga 2021}) 11... b5 12. Nd5 Rb8 13. c3 Nc5 14. Bd2 (14. Qe2 $11 {deserves consideration.}) 14... Bb7 $15 15. Be1 e6 16. Nf4 Qc7 17. Nd3 Nxd3 18. Rxd3 Na5 19. Rad1 (19. b3 $1 $11 {keeps the balance.}) 19... Nc4 $36 {[%emt 0:04:40][%csl LRb2,LRe3][%mdl 2048] Black is on the roll.} 20. Qe2 d5 21. exd5 Bxd5 22. b3 Nb6 23. Nd2 Rbc8 24. Ne4 Qc6 25. Ng3 Qb7 26. f3 Rc6 (26... Nd7 $17) 27. Qe3 $11 Rfc8 28. Ne2 Rf8 29. Nf4 Bh6 {[%emt 0:02:40] And now ...Qb8 would win.} 30. Qd4 {[%emt 0:00:25] [#]} (30. Bg3 $15) 30... Rfc8 ({Better is} 30... Bc4 $1 $17 31. Nxg6 (31. bxc4 $2 Rxc4 32. Qf2 Bxf4 $19) 31... fxg6 32. bxc4 bxc4) 31. Ne2 Nd7 32. Qh4 Bg7 33. Nf4 Nb6 34. Ne2 (34. c4 $5 bxc4 35. bxc4 Rxc4 36. Rxd5 Nxd5 37. Bxc4 Rxc4 38. Qd8+ Bf8 39. Nxd5 exd5 40. Qxd5 Qxd5 41. Rxd5 $11) 34... Nd7 35. Nf4 Nb6 36. Ne2 Nd7 {[%emt 0:05:39] Weighted Error Value: White=0.16 (very precise) /Black=0.15 (very precise)} 1/2-1/2

[Event "Mitropa Cup Open 2022"]
[Site "Corte"]
[Date "2022.05.05"]
[Round "6.1"]
[White "Pechac, Jergus"]
[Black "Erdos, Viktor"]
[Result "1/2-1/2"]
[ECO "A34"]
[WhiteElo "2597"]
[BlackElo "2587"]
[Annotator "TA"]
[PlyCount "123"]
[EventDate "2022.04.30"]
[EventType "team-tourn"]
[EventCountry "FRA"]
[SourceTitle "playchess.com"]
[Source "ChessBase"]
[SourceQuality "1"]
[WhiteTeam "Slovakia"]
[BlackTeam "Hungary"]
[WhiteTeamCountry "SVK"]
[BlackTeamCountry "HUN"]
[TimeControl "40/5400+30:1800+30"]

1. Nf3 Nf6 2. c4 c5 3. Nc3 d5 4. cxd5 Nxd5 5. d4 Nxc3 6. bxc3 g6 7. e3 Bg7 8. Bb5+ Bd7 9. Be2 O-O 10. O-O Nc6 11. Rb1 {[%emt 0:00:43] A34: Symmetrical English: 2 Nc3, lines with ...d5.} Qc7 12. e4 Rfd8 {[%emt 0:03:07] [#]} 13. d5 $146 {[%emt 0:01:06] White is slightly better.} ({Predecessor:} 13. Be3 Bg4 14. d5 e6 15. Bg5 Rd7 16. Qb3 Na5 17. Qa4 h6 18. Bh4 exd5 19. exd5 {1-0 (54) Ranieri,A (1775)-Cesaro,M (1878) ICCF email 2016}) 13... Ne5 14. Ne1 {[%emt 0:02:59] aiming for f4.} c4 (14... b5 $11 {remains equal.}) 15. f4 $1 $16 Nd3 16. Nxd3 cxd3 17. Qxd3 Qxc3 18. Rxb7 (18. Ba3 $16) 18... Bd4+ 19. Kh1 {[%emt 0:00:06] Qxc3 is the strong threat.} Qxd3 20. Bxd3 Rab8 21. Rxb8 Rxb8 22. Ba3 e6 23. Bc4 exd5 24. Bxd5 Bb5 ({Black should try} 24... Be3 $14) 25. Rb1 Rb6 26. h3 Bd3 27. Rd1 Rb1 28. Rxb1 Bxb1 {[%emt 0:00:02][%mdl 4096] Endgame KBB-KBB} 29. g4 h6 30. Kg2 Kg7 31. Kf3 g5 32. Bc1 Kg6 33. Be3 Bxe3 34. Kxe3 $18 {[%emt 0:00:03] Black must now prevent f5+. KB-KB} Kf6 (34... gxf4+ 35. Kxf4 f6) 35. e5+ Ke7 36. f5 f6 37. Kd4 (37. exf6+ $1 $18 {and the rest is easy.} Kxf6 38. Kd4) 37... Bc2 $2 {[%emt 0:00:36][%mdl 8192] [#]} (37... fxe5+ $16 38. Kxe5 Bd3 39. f6+ Kf8) 38. Bb3 $2 (38. exf6+ $1 $18 Kxf6 39. Bb3) 38... Bb1 $2 (38... fxe5+ $16 39. Kxe5 Bd3) 39. a3 $2 (39. exf6+ $18 {has better winning chances.} Kxf6 40. a4) 39... fxe5+ $16 40. Kxe5 Bd3 41. f6+ Kf8 42. Bd5 Bf1 43. Kf5 {[%emt 0:00:00] Threatening mate with Kg6.} Bxh3 {[%emt 0:00:07] [#]} 44. Kg6 $1 {[%emt 0:00:00] White wants to mate with Be6. White is more active.} Bxg4 {[%emt 0:00:06] Strongly threatening ...Be2.} 45. Kxh6 Bd7 46. Kxg5 Be8 47. Kf5 a5 48. Ke5 Bf7 49. Bf3 Bb3 50. Bh5 Bf7 51. Bd1 Bg6 52. Be2 Bc2 53. Bh5 Bb3 54. Kd6 Bf7 55. Bd1 Ba2 56. Bb3 $2 Bxb3 $19 57. a4 Bxa4 ({Worse is} 57... Kf7 58. Kc6 $11) 58. f7 Kxf7 59. Kc5 Bb3 60. Kb5 a4 {[%emt 0:00:04] ( -> ...a3)} 61. Kb4 a3 $2 62. Kxa3 {[%emt 0:00:03] Weighted Error Value: White=0.52/Black=0.47} 1/2-1/2

[Event "Mitropa Cup Open 2022"]
[Site "Corte"]
[Date "2022.05.05"]
[Round "6.1"]
[White "Dragnev, Valentin"]
[Black "Babula, Vlastimil"]
[Result "1/2-1/2"]
[ECO "B66"]
[WhiteElo "2556"]
[BlackElo "2576"]
[Annotator "TA"]
[PlyCount "74"]
[EventDate "2022.04.30"]
[EventType "team-tourn"]
[EventCountry "FRA"]
[SourceTitle "playchess.com"]
[Source "ChessBase"]
[SourceQuality "1"]
[WhiteTeam "Austria"]
[BlackTeam "Czech Republic"]
[WhiteTeamCountry "AUT"]
[BlackTeamCountry "CZE"]
[TimeControl "40/5400+30:1800+30"]

1. e4 c5 2. Nf3 d6 3. d4 cxd4 4. Nxd4 Nf6 5. Nc3 Nc6 6. Bg5 e6 7. Qd2 a6 8. O-O-O Be7 9. Kb1 {[%emt 0:02:49] B66: Sicilian: Richter-Rauzer: 7...a6 8 0-0-0 h6.} Bd7 10. Nxc6 Bxc6 11. f3 h6 12. Be3 Qc7 {[%emt 0:02:04] [#]} 13. Ne2 $146 ({Predecessor:} 13. Bc4 O-O 14. Bb3 b5 15. g4 Nh7 16. h4 Bd7 17. g5 h5 18. g6 fxg6 19. Rhg1 Rf6 20. Bd4 Rf7 21. Rxg6 Nf8 22. Rg2 Kh8 23. Rdg1 Bf6 24. Bxf6 {1-0 (24) Lopez Calderon,A (2120)-Aung,T (2268) Chess.com INT 2020}) 13... O-O 14. Nd4 Rfd8 15. Bd3 Nd7 $1 16. g4 d5 17. exd5 Bxd5 18. g5 hxg5 19. Bxg5 Ne5 20. Rhg1 Nxd3 $40 {[%emt 0:06:12][%mdl 128] Black mounts an attack.} (20... Nxf3 21. Nxf3 Bxf3 22. Bxe7 Qxe7 23. Qh6 $16) 21. Bxe7 Qxe7 (21... Bxa2+ $2 22. Kxa2 Qxe7 23. Qxd3 $18 (23. Qh6 Nb4+ 24. Kb3 Qf8 $16)) 22. Qxd3 Qf6 23. c4 {[%emt 0:01:49] [#]} e5 $1 24. cxd5 Rxd5 {[%emt 0:01:11][%mdl 64] Pin} 25. Qb3 Rxd4 $17 ({Resist} 25... Rad8 26. Ne2 Rxd1+ 27. Rxd1 $16) 26. Qxb7 Rad8 27. Rxd4 exd4 {[%emt 0:04:33][%mdl 4096] Endgame KQR-KQR} 28. Rd1 d3 29. Qe4 d2 30. a3 {[%emt 0:02:40] [#]} g6 (30... Rd4 $142 $1 31. Qe8+ Kh7) 31. Qe3 Qf5+ 32. Qe4 Qc5 {[%emt 0:00:58] And now ...Rc8 would win.} 33. Qb4 {[%emt 0:02:38] [#]} (33. Qe2 $17) 33... Qf2 (33... Qe5 $1 $19 {[%cal Re5e2] Threatens to win with ...Qe2.} 34. Qc3 (34. Rxd2 $2 Qe1+ 35. Kc2 Rc8+ 36. Kd3 Qf1+ 37. Ke3 Re8+ 38. Kd4 Qxf3 $19) 34... Qxh2) 34. Kc2 $1 $11 Rc8+ 35. Kb1 Rd8 {[%emt 0:00:17] Strongly threatening ...Qe2.} 36. Kc2 $1 Qxh2 {[%emt 0:00:48] aiming for ...Qc7+.} 37. Rxd2 Rc8+ {[%emt 0:02:12] Weighted Error Value: White=0.09 (flawless) /Black=0.15 (very precise)} 1/2-1/2

[Event "Mitropa Cup Open 2022"]
[Site "Corte"]
[Date "2022.05.05"]
[Round "6.2"]
[White "Kozak, Adam"]
[Black "Druska, Juraj"]
[Result "1/2-1/2"]
[ECO "D41"]
[WhiteElo "2532"]
[BlackElo "2508"]
[Annotator "TA"]
[PlyCount "108"]
[EventDate "2022.04.30"]
[EventType "team-tourn"]
[EventCountry "FRA"]
[SourceTitle "playchess.com"]
[Source "ChessBase"]
[SourceQuality "1"]
[WhiteTeam "Hungary"]
[BlackTeam "Slovakia"]
[WhiteTeamCountry "HUN"]
[BlackTeamCountry "SVK"]
[TimeControl "40/5400+30:1800+30"]

1. c4 e6 2. Nc3 d5 3. d4 Nf6 4. Nf3 c5 5. cxd5 Nxd5 6. g3 Nxc3 7. bxc3 cxd4 8. cxd4 Bb4+ {[%emt 0:00:06] D41: Queen's Gambit Declined: Semi-Tarrasch with 5 cxd5.} 9. Bd2 Bxd2+ 10. Qxd2 b6 11. Bg2 Bb7 {[%emt 0:00:07] [#]} 12. Qc2 $146 ({Predecessor:} 12. O-O O-O 13. Rfc1 Nd7 14. Qd3 Nf6 15. Ne5 Bxg2 16. Kxg2 Qd5+ 17. f3 Rac8 18. e4 {½-½ (28) Aronian,L (2775)-Ding,L (2801) London 2019}) 12... Nd7 (12... Nc6 $5 ) 13. O-O Rc8 14. Qa4 a6 15. Ne5 b5 16. Qa3 Bxg2 17. Kxg2 Nxe5 18. dxe5 Qd5+ 19. Kg1 {[%emt 0:00:13] And now Rac1 would win.} Qc5 20. Qxa6 O-O 21. Rab1 Rb8 22. Qd6 Qc2 23. Qd3 Rfc8 24. Rfd1 Qxa2 25. Rxb5 g6 26. Rxb8 Rxb8 $14 {[%emt 0:00:01][%mdl 4096] Endgame KQR-KQR} 27. Kg2 h5 28. Qe3 Qc2 29. Rd3 Rc8 30. Rd2 Qc6+ 31. f3 Qc1 32. Qf4 Qc7 {[%emt 0:09:45] Inhibits Rd8+.} 33. Qf6 {[%emt 0:04:13] White is more active.} Qc1 (33... Qa7 $16 {was worth a try.}) 34. Qg5 (34. Rd7 $18 Rf8 35. Kh3) 34... Qb1 35. Qf6 ({White should try} 35. Kh3) 35... Qc1 $1 $16 36. Qf4 (36. Rd7 $16 Rf8 37. Kh3) 36... Qc7 $14 37. Kh3 Qe7 38. Qf6 (38. Qh6 {looks sharper.} Ra8 39. Rb2 Qa3 40. Rc2) 38... Qxf6 39. exf6 {[%emt 0:00:02] Hoping for f4. KR-KR} g5 40. g4 (40. Rd7 $14) 40... Rc4 $11 {[%emt 0:02:12] The position is equal.} 41. gxh5 Rh4+ 42. Kg3 Rxh5 43. Rd7 {[%emt 0:04:02] Strongly threatening Ra7.} Rh6 $1 44. Rb7 {[%emt 0:02:34] Black must now prevent Rb5.} Rxf6 45. Rb5 Rf5 46. Rxf5 exf5 {[%emt 0:00:01] K3P-K3P} 47. h4 f6 48. hxg5 fxg5 {[%emt 0:00:37] KPP-KPP} 49. f4 g4 50. e4 fxe4 {[%emt 0:00:05] [#] ( -> ...e3)} 51. Kxg4 Kf7 52. f5 Kf6 53. Kf4 e3 54. Kxe3 Kxf5 {Weighted Error Value: White=0.17 (very precise) /Black=0.06 (flawless)} 1/2-1/2

[Event "Mitropa Cup Open 2022"]
[Site "Corte"]
[Date "2022.05.05"]
[Round "6.2"]
[White "Kusa, Jakub"]
[Black "Blohberger, Felix"]
[Result "1/2-1/2"]
[ECO "E11"]
[WhiteElo "2338"]
[BlackElo "2510"]
[Annotator "TA"]
[PlyCount "61"]
[EventDate "2022.04.30"]
[EventType "team-tourn"]
[EventCountry "FRA"]
[SourceTitle "playchess.com"]
[Source "ChessBase"]
[SourceQuality "1"]
[WhiteTeam "Czech Republic"]
[BlackTeam "Austria"]
[WhiteTeamCountry "CZE"]
[BlackTeamCountry "AUT"]
[TimeControl "40/5400+30:1800+30"]

1. d4 Nf6 2. c4 e6 3. Nf3 Bb4+ 4. Bd2 c5 5. Bxb4 cxb4 6. g3 b6 7. Bg2 Bb7 8. O-O O-O 9. a3 Qe7 10. Qd2 {[%emt 0:06:18] E16: Queen's Indian: 4 g3 Bb7 5 Bg2 Bb4+.} Na6 11. Ne5 Bxg2 12. Kxg2 {[%emt 0:00:09] White has an edge.} Rfc8 {[%emt 0:08:05] [#]} 13. b3 $146 ({Predecessor:} 13. Rc1 d6 14. Nd3 bxa3 15. Nxa3 d5 16. b3 dxc4 17. Nxc4 Rd8 18. e3 Qb7+ 19. f3 {0-1 (43) Bird,A (2223)-Kristjansson,S (2486) Reykjavik 2013}) 13... d6 14. Nd3 Qb7+ 15. f3 b5 16. cxb5 Qxb5 17. axb4 Qb6 18. Nc3 (18. Ra4 $14) 18... Qxd4 $11 {[%emt 0:05:26] The position is equal.} 19. Rxa6 Rxc3 20. Qf4 Qxf4 21. gxf4 Rxb3 22. Rxd6 Nd5 {[%emt 0:04:43] [#] And now ...Ne3+ would win.} 23. Ra1 {[%emt 0:01:07][%cal Oa1a7] Threatens to win with Rxa7!} h6 24. f5 Ne3+ 25. Kf2 Nxf5 26. Rda6 Rd8 27. Rxa7 Rdxd3 28. exd3 Rb2+ 29. Ke1 Rxb4 30. R7a4 Rb2 31. R4a2 {[%emt 0:00:16] Weighted Error Value: White=0.03 (flawless) /Black=0.03 (flawless)} 1/2-1/2